 Dungeon Crawl Stone Soup version 0.20.0-15-g7f486f2 (webtiles) character file.

21 tself55 the Insei (level 2, -1/23 HPs)
             Began as a Demigod Transmuter on June 11, 2017.
             Succumbed to a gnoll's poison
             ... on level 1 of the Dungeon.
             The game lasted 00:01:44 (772 turns).

tself55 the Insei (Demigod Transmuter)               Turns: 772, Time: 00:01:44

Health: -1/23      AC:  2    Str: 13    XL:     2   Next: 48%
Magic:  6/7        EV: 12    Int: 17    God:
Gold:   52         SH:  0    Dex: 16    Spells: 3/4 levels left

rFire    . . .     SeeInvis .     - Unarmed
rCold    . . .     Gourm    .   (no shield)
rNeg     . . .     Faith    .   b - +0 robe
rPois    .         Spirit   .   (no helmet)
rElec    .         Reflect  .   (no cloak)
rCorr    .         Harm     .   (no gloves)
MR       .....                  (boots currently unavailable)
Stlth    +.........             (no amulet)
Regen    0.1/turn               (no ring)
MPRegen  0.1/turn               (no ring)

@: lethally poisoned (-1 -> -34), appendage (expiring)
A: talons 3, high mp 1
a: End Transformation


You were on level 1 of the Dungeon.
You were not hungry.
You had grown temporary talons.
You visited 1 branch of the dungeon, and saw 2 of its levels.

You collected 52 gold pieces.

Inventory:

Missiles
 a - 12 arrows
Armour
 b - a +0 robe (worn)
Jewellery
 g - an uncursed ring of fire
Scrolls
 e - a scroll of fog {unknown}
 f - a scroll of identify {unknown}
 i - 4 scrolls of fear {unknown}
 j - a scroll of remove curse {unknown}
 l - a scroll of enchant weapon {unknown}
 m - a scroll of enchant armour {unknown}
Books
 c - a book of Changes

   Spells                             Type                      Level
   a - Beastly Appendage              Transmutation                1
   b - Sticks to Snakes               Transmutation                2
   c - Spider Form                    Transmutation/Poison         3
   d - Ice Form                       Ice/Transmutation            4
   e - Blade Hands                    Transmutation                5
Comestibles
 d - a bread ration
 h - 2 meat rations
 n - 3 chunks of flesh
 o - a royal jelly


   Skills:
 + Level 1.3 Fighting
 - Level 1.7 Dodging
 * Level 3.4 Unarmed Combat
 - Level 1.7 Spellcasting
 - Level 1.7 Transmutations


You had 3 spell levels left.
You knew the following spells:

 Your Spells              Type           Power        Failure   Level  Hunger
a - Beastly Appendage     Tmut           #.....       10%         1    #......


Dungeon Overview and Level Annotations

Branches:
Dungeon (2/15)


Innate Abilities, Weirdness & Mutations

You have an increased reservoir of magic. (+10% MP)
You have claws for feet.


Message History

Casting: Beastly Appendage
Confirm with . or Enter, or press ? or * to list all spells.
Your feet morph into talons.
The gnoll hits you from afar with a spear of venom.
You are poisoned.
You feel sick.
The gnoll hits you from afar with a spear of venom.
You are lethally poisoned!
You feel sick.
The gnoll hits you from afar with a spear of venom.
* * * LOW HITPOINT WARNING * * *
You are more poisoned.
You climb upwards.
* * * LOW HITPOINT WARNING * * *
You feel very sick.
There is a stone staircase leading down here.
You aren't carrying any potions.
There is a lethal amount of poison in your body!
Your transformation is almost over.
You die...

....(...####..##.#...#.###.###
........# #...#.#.#...###.#
....##### ###.#.#.##....#.#
##### #.#.........#.#
#...........#.#
##..####....#.# #..#.........#
###....#......#
#..@.).#......#####
#......#..........#
#.....##.....####.#
#.....#########...# #.....#
###.# #.....# #.# #.##### #.#
#.# #.## #.# #...


There were no monsters in sight!

Vanquished Creatures
  A gnoll (D:1)
  A leopard gecko (D:1)
  A ball python (D:1)
  A giant cockroach (D:1)
  3 goblins (D:1)
  A hobgoblin (D:1)
  A frilled lizard (D:1)
  A kobold (D:1)
10 creatures vanquished.

Notes
Turn   | Place    | Note
-------+----------+-------------------------------------------
     0 | D:1      | tself55 the Demigod Transmuter began the quest for the Orb.
     0 | D:1      | Reached XP level 1. HP: 15/15 MP: 5/5
    96 | D:1      | Reached skill level 1 in Fighting
   394 | D:1      | Reached skill level 3 in Unarmed Combat
   567 | D:1      | Reached XP level 2. HP: 23/23 MP: 5/7
   772 | D:1      | Succumbed to a gnoll's poison

Skill      XL: |  1 |
---------------+----+-----
Fighting       | 1 |  1.3
Unarmed Combat | 3 |  3.4
Dodging        | |  1.7
Spellcasting   | |  1.7
Transmutations | |  1.7

Action                   || total
-------------------------++-------
Melee: Unarmed           ||    20
       Kick              ||     3
Throw: Javelin           ||    12
 Cast: Beastly Appendage ||     8
Armor: Robe              ||     2
Dodge: Dodged            ||    13
